cohdb
Replays
Latest Replays
All Replays
Popular Replays
Top Player Replays
Match Explorer
How It Works
Community
CoH3 Stats
Reddit
Sign in to upload your games and track your stats! →
Sign in with Steam
Match 45543867
Unlisted
Match 45543867
Overview
Messages
Build Orders
End
Construct Section Command Post
Royal Engineer Section
Selects Heavy Armor Battlegroup
Infantry Section
Vickers Machine Gun Team
Construct Field Infirmary
Infantry Section
Selects Rigorous Vehicle Training
Construct Platoon Command Post
Unlock M3 Stuart Light Tanks
M3 Stuart Light Tank
M3 Stuart Light Tank
M3 Stuart Light Tank
Light Vehicle Training
M3 Stuart Light Tank
Selects Light Vehicle Withdraw and Refit
Selects Radio Net
M3 Stuart Light Tank
Construct Company Command Post
Unlock M3 Grant Medium Tanks
Vickers Machine Gun Team
M3 Grant Medium Tank
Selects Recon Artillery
M3 Grant Medium Tank
Recon Artillery
M3 Grant Medium Tank
Foot Guards Section
Foot Guards Section
Selects Forward Repair Assembly
Henk
water
Boat Goes Binted
Hirys it's Irys
nateums
Maiti
meuqsaco
FriendlyBacon
0
0
Comments
sign in to comment!
No comments posted yet!